 Dungeon Crawl Stone Soup version 0.21.0-37-g46506fa (webtiles) character file.

92 Santangelo the Skirmisher (level 4, -1/41 HPs)
             Began as a Minotaur Abyssal Knight on Feb 1, 2018.
             Was a Believer of Lugonu.
             Slain by a gnoll
             ... wielding a +0 halberd
              (13 damage)
             ... on level 3 of the Dungeon.
             The game lasted 00:23:27 (2575 turns).

Santangelo the Skirmisher (Minotaur Abyssal Knight) Turns: 2575, Time: 00:23:28

Health: -1/41      AC: 10    Str: 17    XL:     4   Next: 35%
Magic:  4/4        EV:  7    Int:  9    God:    Lugonu [**....]
Gold:   97         SH:  0    Dex: 10    Spells: 3/3 levels left

rFire    . . .     SeeInvis .   R - +0 rapier
rCold    . . .     Gourm    .   (no shield)
rNeg     . . .     Faith    .   O - +0 chain mail
rPois    .         Spirit   .   (helmet restricted)
rElec    .         Reflect  .   (no cloak)
rCorr    .         Harm     .   (no gloves)
MR       .....                  E - +0 pair of boots
Stlth    ..........             (no amulet)
HPRegen  0.13/turn              k - ring of wizardry
MPRegen  0.09/turn              (no ring)

@: no status effects
A: retaliatory headbutt, horns 2
a: Depart the Abyss, Bend Space, Renounce Religion


You were on level 3 of the Dungeon.
You worshipped Lugonu.
Lugonu was pleased with you.
You were not hungry.

You visited 1 branch of the dungeon, and saw 3 of its levels.
You visited the Abyss 1 time.

You collected 97 gold pieces.

Inventory:

Hand Weapons
 a - a +2 falchion
 d - a +0 dagger
 f - a +0 club
 g - a +0 dagger
 h - a +0 whip
 l - a +0 club
 o - a +0 hand axe
 r - a +0 club
 u - a +0 dagger
 v - a +0 mace
 w - a +0 short sword
 x - a +0 club
 y - a +0 dagger
 A - a +0 dagger
 B - a +0 hunting sling
 C - a +0 club
 D - a +0 hand axe
 H - a +0 spear
 I - a +0 short sword
 M - a +0 long sword
 Q - a +0 hand axe
 R - a +0 rapier (weapon)
 S - a +0 club
 T - a +0 dagger
 U - a +0 club
Missiles
 e - 97 stones
 i - 2 javelins (quivered)
 n - 42 arrows
 z - 58 sling bullets
 F - 24 bolts
 G - 3 poisoned tomahawks
Armour
 b - a +0 leather armour
 j - a +0 scale mail
 E - a +0 pair of boots (worn)
 K - a +0 pair of boots
 L - a +0 leather armour
 N - a +0 scale mail
 O - a +0 chain mail (worn)
Jewellery
 k - a ring of wizardry (left hand)
Scrolls
 m - a scroll of remove curse
Potions
 p - a potion of flight
 q - a potion of invisibility {unknown}
 s - 3 potions of haste
 t - a potion of curing {unknown}
 J - a potion of brilliance {unknown}
Comestibles
 c - 4 rations
 P - 12 chunks of flesh


   Skills:
 + Level 4.8 Fighting
 + Level 3.4 Long Blades
 + Level 3.5 Armour
 + Level 1.6 Dodging
 + Level 0.2 Stealth
 + Level 1.8 Invocations


You had 3 spell levels left.
You didn't know any spells.

Dungeon Overview and Level Annotations

Branches:
Dungeon (3/15)

Altars:
The Shining One


Innate Abilities, Weirdness & Mutations

You reflexively headbutt those who attack you in melee.
You have a pair of horns on your head.


Message History

The gnoll hits you from afar with a halberd!
The gnoll barely misses you.
Throwing (i - inventory. (,) - cycle):
i - 3 javelins (quivered)
Press: ? - help, Shift-Dir - straight line, f/p - gnoll
Aim: a gnoll, wielding a halberd (heavily wounded)
You throw a javelin.
The javelin closely misses the gnoll. x2
The gnoll closely misses you. The gnoll closely misses you.
The gnoll hits you but does no damage. The gnoll closely misses you.
The gnoll hits you with a halberd.
You hit the gnoll. You headbutt the gnoll.
The gnoll is severely wounded.
The gnoll hits you but does no damage. The gnoll barely misses you.
The gnoll hits you from afar with a halberd!
The gnoll closely misses you.
You hit the gnoll but do no damage.
The gnoll is severely wounded.
The gnoll hits you from afar with a halberd.
* * * LOW HITPOINT WARNING * * *
The gnoll hits you with a halberd!
You die...

......#.#.......#.......#
........#.#8.....8#.......#
#.......#.#.......#.#######
#.......#.#8...รท.8#.#
###.....#.........>.#
#>.....#.........##
........####### .
.#.###....##### #
......#....@gg####
......######g...(# ......
#g..#.# ..... ..##.....
..... ##. ..#.... .... ##
#...... ####.# #


You could see 4 gnolls.

Vanquished Creatures
  2 adders
  2 worms (D:2)
  3 dart slugs
  2 leopard geckos
  A ball python (D:2)
  5 bats
  A giant cockroach (D:1)
  12 goblins
  7 hobgoblins
  7 jackals
  8 kobolds
  A frilled lizard (D:2)
  A leopard gecko skeleton (D:3)
  A rat (D:2)
53 creatures vanquished.

Notes
Turn   | Place    | Note
-------+----------+-------------------------------------------
     0 | Abyss:1  | Santangelo the Minotaur Abyssal Knight began the quest for the Orb.
     0 | Abyss:1  | Reached XP level 1. HP: 19/19 MP: 1/1
     4 | D:1      | Escaped the Abyss
    55 | D:1      | Reached * piety under Lugonu
    96 | D:1      | Reached skill level 4 in Fighting
   130 | D:1      | Reached XP level 2. HP: 17/27 MP: 2/2
  1006 | D:2      | Reached XP level 3. HP: 34/34 MP: 3/3
  1783 | D:2      | Reached ** piety under Lugonu
  2014 | D:3      | Reached XP level 4. HP: 28/41 MP: 4/4
  2379 | D:3      | Found a glowing golden altar of the Shining One.
  2575 | D:3      | Slain by a gnoll

Skill      XL: |  1  2  3 |
---------------+----------+-----
Fighting       | 4 |  4.8
Armour         | 3 |  3.5
Long Blades    | 3 |  3.4
Dodging        | |  1.6
Stealth        | |  0.2
Invocations    | |  1.8

Action                   |  1- 3 |  4- 6 || total
-------------------------+-------+-------++-------
Melee: Falchion          |    85 |     5 ||    90
       Headbutt          |    10 |     6 ||    16
       Rapier            |       |    20 ||    20
Throw: Javelin           |     4 |     5 ||     9
Invok: Depart the Abyss  |     1 |       ||     1
  Use: Scroll            |     6 |     2 ||     8
  Eat: Chunk             |     3 |     2 ||     5
Armor: Scale mail        |    54 |     3 ||    57
       Leather armour    |     4 |       ||     4
       Chain mail        |       |    10 ||    10
Dodge: Dodged            |    77 |    27 ||   104
       Rpst.: Falchion   |    17 |       ||    17
